 Dungeon Sprint DCSS version 0.30-a0-118-ga018f8e90f (webtiles) character file.

Game seed: 7852694815057960736

759 BigDaddyOpFi the Apostle (level 7, -4/69 HPs)
             Began as a Hill Orc Fighter on Sept 13, 2022.
             Was a High Priest of Beogh.
             Succumbed to a swamp dragon's poison gas
             ... in the Dungeon (Sprint VII: "The Pits").
             The game lasted 00:02:52 (1719 turns).

BigDaddyOpFi the Apostle (Hill Orc Fighter)         Turns: 1719, Time: 00:02:53

Health: -4/69      AC: 13    Str: 21    XL:     7   Next: 80%
Magic:  10/16      EV:  7    Int:  8    God:    Beogh [*****.]
Gold:   0          SH:  5    Dex: 10    Spells: 6/6 levels left

rFire   . . .      SeeInvis .    a - +0 war axe
rCold   . . .      Faith    .    c - +0 buckler
rNeg    . . .      Spirit   .    l - +3 chain mail
rPois   .          Reflect  .    (no helmet)
rElec   .          Harm     .    (no cloak)
rCorr   .          Rampage  .    (no gloves)
Will    .....      NoTele   +    (no boots)
Stlth   ..........               (no amulet)
HPRegen 0.21/turn                (no ring)
MPRegen 0.15/turn                (no ring)

@: lethally poisoned (-4 -> -42)
A: walk on water
a: Renounce Religion, Smiting, Recall Orcish Followers, Give Item to Named
Follower


You were in the Dungeon.
You worshipped Beogh.
Beogh was extremely pleased with you.
You visited 1 branch

Inventory:

Hand Weapons
 a - a +0 war axe (weapon)
Armour
 c - a +0 buckler (worn)
 l - a +3 chain mail (worn)
Scrolls
 j - a scroll of blinking
Potions
 e - 3 potions of heal wounds
 f - 5 potions of curing
 g - a potion of haste
 h - 4 potions of magic
 i - 2 potions of berserk rage
 k - 2 potions of invisibility


   Skills:
 + Level 8.9 Fighting
 + Level 9.3 Axes
 + Level 8.1 Armour
 + Level 8.2 Shields
 * Level 12.4 Invocations


You had 6 spell levels left.
You didn't know any spells.
Your spell library was empty.

Dungeon Overview and Level Annotations

Branches:
Dungeon (1/1)

Altars:
Ashenzari
Cheibriados
Dithmenos
Elyvilon
Fedhas
Gozag
Hepliaklqana
Kikubaaqudgha
Makhleb
Nemelex Xobeh
Okawaru
Qazlal
Ru
Sif Muna
Trog
Uskayaw
Vehumet
Wu Jian
Xom
Yredelemnul
Zin
The Shining One
Beogh
Jiyva
Lugonu


Message History

Smite: an orc warrior, wielding a +0 hand axe and wearing a +0 plate armour (lightly wounded, ally target)
You smite the orc warrior!!
You kill the orc warrior!
Beogh accepts your kill.
Your orc wizard closely misses the white imp.
The white imp gestures at you. The puff of frost hits you.
Your Armour skill increases to level 8!
Your Shields skill increases to level 8!
Aiming: Smiting
Press: ? - help, Dir - move target, f - swamp dragon Smite: a swamp dragon You smite the swamp dragon!!
The swamp dragon is moderately wounded.
Your orc wizard hits the white imp with a +0 dagger.
Unknown command.
Your orc wizard hits the white imp with a +0 dagger.
Your orc closely misses the white imp.
The swamp dragon breathes poison at you.
The blast of poison engulfs you!
You are poisoned.
There is an open door here.
You slash the swamp dragon!
The swamp dragon is heavily wounded.
You barely miss the white imp.
You are engulfed in poison gas.
You are more poisoned.
You feel extremely sick.
Your orc wizard casts a spell.
Your orc wizard flickers and vanishes for a moment.
The white imp barely misses you. The swamp dragon bites you!
The swamp dragon claws you but does no damage.
The swamp dragon tramples you!
* * * LOW HITPOINT WARNING * * *
You stumble backwards!
You hit the swamp dragon but do no damage.
The swamp dragon is heavily wounded.
You are engulfed in poison gas.
You are more poisoned.
* * * LOW HITPOINT WARNING * * *
You die...

#.#..########...<...#
#.#..'.)))[##.......#
#)#..#.)))[##.......#
#'###########.......#
#.......#..##########
#.......#)######
#...#...#°#....#
#..###..#○#5oo.#
#...#...#@D☼☼..+
#..)....#○#°)..#
#.......'○#☼...#
################


You could see a swamp dragon, a white imp (ally target), a friendly orc wizard
(invisible) and a friendly orc.

Vanquished Creatures
  A cane toad (D)
  An orc warrior (D)
  An ice beast (D)
  A centaur (D)
  An ogre (D)
  An orc priest (D)
  2 orc wizards (D)
  2 adders (D)
  A white imp (D)
  5 orcs (D)
  2 ball pythons (D)
  2 bats (D)
  A goblin (D)
  A hobgoblin (D)
  2 jackals (D)
  A giant cockroach zombie (D)
  A rat (D)
26 creatures vanquished.

Vanquished Creatures (others)
  An orc priest (D)
1 creature vanquished.

Grand Total: 27 creatures vanquished

Notes
Turn   | Place    | Note
-------+----------+-------------------------------------------
     0 | D        | BigDaddyOpFi the Hill Orc Fighter began the quest for the
                  | Orb.
     0 | D        | Reached XP level 1. HP: 19/19 MP: 1/1
    24 | D        | Found a bloodstained altar of Trog.
    24 | D        | Found a shimmering blue altar of Sif Muna.
    24 | D        | Found a viscous altar of Jiyva.
    24 | D        | Found a hazy altar of Hepliaklqana.
    24 | D        | Found an opulent altar of Gozag.
    25 | D        | Found a glowing golden altar of the Shining One.
    25 | D        | Found a glowing silver altar of Zin.
    25 | D        | Found a basalt altar of Yredelemnul.
    25 | D        | Found a shimmering altar of Xom.
    25 | D        | Found an ornate altar of the Wu Jian Council.
    25 | D        | Found a sacrificial altar of Ru.
    25 | D        | Found a stormy altar of Qazlal.
    25 | D        | Found an iron altar of Okawaru.
    25 | D        | Found a sparkling altar of Nemelex Xobeh.
    25 | D        | Found a burning altar of Makhleb.
    25 | D        | Found a blossoming altar of Fedhas.
    25 | D        | Found a white marble altar of Elyvilon.
    25 | D        | Found a shadowy altar of Dithmenos.
    25 | D        | Found a snail-covered altar of Cheibriados.
    26 | D        | Found a radiant altar of Vehumet.
    26 | D        | Found a corrupted altar of Lugonu.
    26 | D        | Found a roughly hewn altar of Beogh.
    27 | D        | Found an ancient bone altar of Kikubaaqudgha.
    27 | D        | Found a hide-covered altar of Uskayaw.
    27 | D        | Found a broken altar of Ashenzari.
    43 | D        | Became a worshipper of Beogh the Brigand
    73 | D        | Reached skill level 1 in Invocations
   301 | D        | Reached * piety under Beogh
   315 | D        | Reached skill level 2 in Invocations
   543 | D        | Reached skill level 3 in Invocations
   543 | D        | Reached XP level 2. HP: 28/28 MP: 2/4
   544 | D        | Reached ** piety under Beogh
   711 | D        | Noticed an ice beast
   717 | D        | Reached *** piety under Beogh
   718 | D        | Reached skill level 5 in Fighting
   718 | D        | Reached skill level 4 in Invocations
   718 | D        | Reached XP level 3. HP: 36/36 MP: 4/6
   720 | D        | Reached skill level 5 in Invocations
   724 | D        | Killed an ice beast
   725 | D        | Reached skill level 5 in Axes
   725 | D        | Reached skill level 5 in Armour
   725 | D        | Reached skill level 5 in Shields
   725 | D        | Reached skill level 7 in Invocations
   725 | D        | Reached XP level 4. HP: 31/44 MP: 5/9
   725 | D        | Reached XP level 5. HP: 35/50 MP: 5/10
   729 | D        | Reached **** piety under Beogh
   732 | D        | Reached skill level 8 in Invocations
   743 | D        | Reached ***** piety under Beogh
   841 | D        | Noticed a centaur
   846 | D        | Killed a centaur
   847 | D        | Reached skill level 9 in Invocations
   847 | D        | Reached XP level 6. HP: 50/60 MP: 12/12
   993 | D        | Noticed a cane toad
  1003 | D        | Killed a cane toad
  1004 | D        | Reached skill level 11 in Invocations
  1004 | D        | Reached XP level 7. HP: 31/69 MP: 12/15
  1494 | D        | Reached skill level 12 in Invocations
  1714 | D        | Noticed a swamp dragon
  1719 | D        | Succumbed to a swamp dragon's poison gas

Illustrated notes

Levels and vault maps discovered:
D:        pitsprint [storerooms_1, entrance_room_1, metal_vault_4, armoury_1,
          mini_pit_1, grid_room_1, main_hall_1, silver_pit, the_coven_1,
          the_vestibule_1, steel_vault_4, golden_pit, hallway_of_sentries,
          crystal_vault_5, iron_vault_4, final_vault]

Skill      XL: |  1  2  3  4  5  6  7 |
---------------+----------------------+-----
Invocations    | 3 4 7 9 11 12 | 12.4
Fighting       | 4 5 6 7 8 |  8.9
Axes           | 3 4 5 7 8 9 |  9.3
Shields        | 4 5 6 7 8 |  8.2
Armour         | 4 5 6 7 8 |  8.1

Action                   |  1- 3 |  4- 6 |  7- 9 || total
-------------------------+-------+-------+-------++-------
Melee: War axe           |    53 |    22 |    14 ||    89
Invok: Smiting           |       |       |     2 ||     2
  Use: Potion            |     4 |     2 |       ||     6
Armor: Scale mail        |    25 |       |       ||    25
       Chain mail        |     6 |     9 |     6 ||    21
Dodge: Dodged            |    32 |     4 |     2 ||    38
Block: Buckler           |     9 |    10 |       ||    19

Table legend: (Time is in decaauts)
 A = Elapsed time spent in this place.
 B = Non-inter-level travel time spent in this place.
 C = Inter-level travel time spent in this place.
 D = Time resting spent in this place.
 E = Time spent auto-exploring this place.
 F = Levels seen in this place.
 G = Mean time per level.
                   A        B        C        D        E       F      G
               +--------+--------+--------+--------+--------+-----+--------+
         Total |   1755 |   1733 |     22 |   1444 |      0 |   1 | 1755.0 |
       Dungeon |   1755 |   1733 |     22 |   1444 |      0 |   1 | 1755.0 |
               +--------+--------+--------+--------+--------+-----+--------+

Top non-repeatable levels by time:
       D: 1755 daAuts
